 Seeded DCSS version 0.32-a0-136-gc02482b (webtiles) character file.

Game seed: 3644087795793700585 (custom seed)

123 PurpleRed the Trooper (level 4, 0/38 HPs)
             Began as an Armataur Shapeshifter on Feb 10, 2024.
             Slain by Ijyb
             ... wielding a +6 club
              (5 damage)
             ... on level 2 of the Dungeon.
             The game lasted 00:07:24 (1962 turns).

PurpleRed the Trooper (Armataur Shapeshifter)       Turns: 1962, Time: 00:07:25

Health: 0/38       AC: 18    Str: 22    XL:     4   Next: 79%
Magic:  4/4        EV:  3    Int: 10    God:
Gold:   235        SH:  6    Dex:  9    Spells: 3/3 levels left

rFire   . . .        u - +2 flail (protect)
rCold   . . .        x - +0 kite shield
rNeg    . . .        t - +0 plate armour
rPois   .            z - +0 helmet
rElec   .            y - +0 cloak
rCorr   .            (no gloves)
SInv    .            (no barding)
Will    +....        p - amulet of the acrobat Stlth
                     h - ring of willpower
HPRegen 0.26/turn    q - ring of wizardry
MPRegen 0.09/turn

%: acrobat, roll, wizardry (x1)
@: under a protective aura
A: large, deformed body, tough skin 3, armoured tail, roll 1
a: no special abilities


You were on level 2 of the Dungeon.
You visited 1 branch of the dungeon, and saw 3 of its levels.

You collected 235 gold pieces.

Inventory:

Hand Weapons
 i - a +3 spear
 u - a +2 flail of protection (weapon)
Missiles
 s - 5 poisoned darts (quivered)
Armour
 a - a +0 animal skin
 o - a +0 ring mail
 t - a +0 plate armour (worn)
 x - a +0 kite shield (worn)
 y - a +0 cloak (worn)
 z - a +0 helmet (worn)
Jewellery
 h - a ring of willpower (left hand)
 p - an amulet of the acrobat (around neck)
 q - a ring of wizardry (right hand)
 v - a ring of willpower
Talismans
 c - a beast talisman
 d - a flux talisman
Scrolls
 f - a scroll of teleportation {unknown}
 g - 2 scrolls of noise {unknown}
 m - a scroll of fear {unknown}
 n - a scroll of revelation {unknown}
 r - a scroll of fog {unknown}
 w - a scroll of identify {unknown}
Potions
 b - a potion of lignification
 e - a potion of mutation {unknown}
 j - a potion of enlightenment {unknown}
 k - a potion of invisibility {unknown}
 l - 2 potions of curing {unknown}


   Skills:
 + Level 3.2 Fighting
 * Level 1.3 Axes
 + Level 2.1 Armour
 - Level 1.3 Dodging
 + Level 0.4 Shields
 - Level 2.6 Unarmed Combat
 - Level 2.6 Shapeshifting


You had 3 spell levels left.
You didn't know any spells.
Your spell library contained the following spells:

 Spells                   Type           Power      Damage    Failure   Level
 Kiss of Death            Conj/Necr      0%         2d5       100%        1
 Sandblast                Erth           0%         2d4       100%        1
 Confusing Touch          Hex            0%         N/A       100%        3
 Dazzling Flash           Conj/Hex       0%         N/A       100%        3
 Passwall                 Erth           0%         N/A       100%        3
 Stone Arrow              Conj/Erth      0%         3d7       100%        3
 Volatile Blastmotes      Fire/Tloc      0%         2d10      100%        3
 Brom's Barrelling Bould  Conj/Erth      0%         2d3       100%        4
 Dispel Undead            Necr           0%         3d6       100%        4
 Starburst                Conj/Fire      0%         6d3       100%        6
 Maxwell's Capacitive Co  Air            0%         ∞         100%        8


Dungeon Overview and Level Annotations

Branches:
Dungeon (3/15)

Altars:

Annotations:
D:2 Ijyb
D:3 Jessica, Sigmund


Innate Abilities, Weirdness & Mutations

Armour fits poorly on your strangely shaped body.
You have extremely tough skin. (AC +3)
You have a long armoured tail.
You regenerate magic when rolling toward enemies. (Rampage MPRegen)


Message History

The ball python is severely wounded.
You block the ball python's attack.
Ijyb stops to study her wand.
Ijyb zaps a wand.
The roots erupt in riotous growth!
The ball python is unaffected.
The grasping roots grab you! The grasping roots constrict you.
You sock the ball python!
Your weapon exudes an aura of protection.
You kill the ball python!
The grasping roots constrict you. x2
The grasping roots constrict you.
The grasping roots release their grip on you.
Ijyb hits you with a +6 club!
You climb upwards.
There is a stone staircase leading down here.
You hit Ijyb.
Your weapon exudes an aura of protection.
You tail-slap Ijyb, but do no damage.
Ijyb is moderately wounded.
Ijyb zaps a wand.
The roots erupt in riotous growth!
The grasping roots grab you!
Ijyb is unaffected.
The grasping roots constrict you.
You barely miss Ijyb. You tail-slap Ijyb.
Ijyb is heavily wounded.
Ijyb hits you with a +6 club. The grasping roots constrict you.
Ijyb hits you with a +6 club!
* * * LOW HITPOINT WARNING * * *
The grasping roots constrict you.
You hit Ijyb.
Ijyb is heavily wounded.
Ijyb hits you with a +6 club.
* * * LOW HITPOINT WARNING * * *
The grasping roots constrict you.
The grasping roots release their grip on you.
You miss Ijyb.
Ijyb is heavily wounded.
Ijyb hits you with a +6 club.
You die...
Ijyb screams, "Good help so hard to find!"

#....#...#.......#...####.#.....
###..##......##.####.##.........
####......#...#^^^# #......##....
#...[.#######..^_^###.....###....
#.###.# #..^^^#..............
†..##.### ##........#######.#..
...##...#####..........#### #.#..
............#.#.g.........###.#..
................@#####...........
.........<....#### ###..##.....
............#.# ##.....).†
#.......#####.### #######........
#.....#.# #...###.......##.....
#.......# ###.##..########.....
#......## #....## #.....
....##.#### ##...# ##....
..........# ###....# #.....


You could see Ijyb.

Vanquished Creatures
  A bombardier beetle (D:3)
  Robin (D:3)
  An adder (D:2)
  A dart slug (D:1)
  An orc (D:3)
  4 endoplasms (D:1)
  2 giant cockroaches (D:1)
  8 hobgoblins
  4 jackals (D:3)
  4 quokkas (D:2)
  6 ball pythons
  5 bats
  2 frilled lizards
  8 goblins
  7 kobolds
  5 rats
60 creatures vanquished.

Notes
Turn   | Place    | Note
-------+----------+-------------------------------------------
     0 | D:1      | PurpleRed the Armataur Shapeshifter began the quest for the
                  | Orb.
     0 | D:1      | Reached XP level 1. HP: 15/15 MP: 1/1
    87 | D:1      | Reached skill level 1 in Fighting
   136 | D:1      | Reached XP level 2. HP: 23/24 MP: 2/2
   148 | D:1      | Reached skill level 2 in Fighting
   821 | D:2      | Reached XP level 3. HP: 30/30 MP: 3/3
   946 | D:2      | Found a faded altar of an unknown god.
  1268 | D:2      | Reached skill level 1 in Armour
  1484 | D:3      | Reached skill level 3 in Fighting
  1609 | D:3      | Reached XP level 4. HP: 29/38 MP: 4/4
  1627 | D:3      | Reached skill level 1 in Axes
  1797 | D:3      | Noticed Robin
  1836 | D:3      | Killed Robin
  1924 | D:3      | Noticed Jessica
  1924 | D:3      | Noticed Ijyb
  1926 | D:3      | Noticed Sigmund
  1962 | D:2      | Slain by Ijyb

Illustrated notes

Levels and vault maps discovered:
D:1:      nicolae_arrival_washed_ashore, layout_basic,
          amcnicky_mini_corridor_feature, minmay_heptomino_d4
D:2:      layout_rooms, ebering_ecumenical_altar_webs, interstate_on_off,
          minmay_surrounded
D:3:      layout_rooms, serial_shops, shop, uniq_sigmund, uniq_robin, uniq_ijyb,
          uniq_jessica

Skill      XL: |  1  2  3  4 |
---------------+-------------+-----
Fighting       | 1 2 3 |  3.2
Armour         | 1 2 |  2.1
Axes           | 1 |  1.3
Dodging        | |  1.3
Shields        | |  0.4
Unarmed Combat | |  2.6
Shapeshifting  | |  2.6

Action                     |  1- 3 |  4- 6 || total
---------------------------+-------+-------++-------
  Melee: Unarmed           |    18 |       ||    18
         Tailslap          |     5 |     8 ||    13
         Spear             |    61 |       ||    61
         Flail             |     9 |    55 ||    64
Ability: Begin Untransform |     2 |       ||     2
   Stab: Sleeping          |     2 |       ||     2
 Armour: Animal skin       |    22 |       ||    22
         Plate armour      |    19 |    60 ||    79
         Ring mail         |     6 |       ||     6
  Dodge: Dodged            |    17 |    20 ||    37
  Block: Kite shield       |       |    21 ||    21
   Form: Beast             |     1 |       ||     1

Table legend: (Time is in decaauts)
 A = Elapsed time spent in this place.
 B = Non-inter-level travel time spent in this place.
 C = Inter-level travel time spent in this place.
 D = Time resting spent in this place.
 E = Time spent auto-exploring this place.
 F = Levels seen in this place.
 G = Mean time per level.
                   A        B        C        D        E       F      G
               +--------+--------+--------+--------+--------+-----+--------+
         Total |   1995 |   1959 |     36 |      0 |   1333 |   3 |  665.0 |
       Dungeon |   1995 |   1959 |     36 |      0 |   1333 |   3 |  665.0 |
               +--------+--------+--------+--------+--------+-----+--------+

Top non-repeatable levels by time:
     D:1: 798 daAuts
     D:2: 631 daAuts
     D:3: 565 daAuts
